 Dungeon Crawl Stone Soup version 0.29.1-15-g9cfb28693d (webtiles) character file.

Game seed: 5642809663098957142

114 javelincjr the Magician (level 5, 0/35 HPs)
             Began as a Djinni Conjurer on Mar 8, 2023.
             Slain by a black bear (3 damage)
             ... on level 3 of the Dungeon.
             The game lasted 00:07:06 (3594 turns).

javelincjr the Magician (Djinni Conjurer)           Turns: 3594, Time: 00:07:07

Health: 0/35       AC:  7    Str:  8    XL:     5   Next: 19%
Gold:   267        EV: 12    Int: 19    God:
                   SH:  0    Dex: 12

rFire   + + +      SeeInvis .   s - +1 dagger (venom)
rCold   x . .      Faith    .   (no shield)
rNeg    . . .      Spirit   .   t - +2 leather armour {rF+}
rPois   ∞          Reflect  .   (no helmet)
rElec   .          Harm     .   r - +0 cloak
rCorr   .          Rampage  .   e - +0 pair of gloves
Will    +....                   (boots unavailable)
Stlth   ++........              (no amulet)
HPRegen 0.11/turn               f - ring of willpower
MPRegen 0.00/turn               (no ring)

@: flying
A: sickness immunity, fire resistance 2, cold vulnerability 1, float, innate
caster, HP casting, extra vitality 1
a: no special abilities


You were on level 3 of the Dungeon.
You visited 1 branch of the dungeon, and saw 4 of its levels.

You collected 267 gold pieces.

Inventory:

Hand Weapons
 c - a +0 spear
 s - a +1 dagger of venom (weapon)
Armour
 a - a +0 robe
 e - a +0 pair of gloves (worn)
 r - a +0 cloak (worn)
 t - a +2 leather armour of fire resistance (worn)
Jewellery
 f - a ring of willpower (left hand)
Wands
 q - a wand of polymorph (6)
Scrolls
 g - 6 scrolls of immolation
 h - 3 scrolls of identify {unknown}
 i - 2 scrolls of enchant armour {unknown}
 k - a scroll of blinking {unknown}
 l - a scroll of brand weapon {unknown}
 n - a scroll of enchant weapon {unknown}
 o - a scroll of fear {unknown}
 p - a scroll of noise {unknown}
Potions
 b - a potion of curing {unknown}
 d - 2 potions of mutation {unknown}
 j - 2 potions of ambrosia {unknown}
 m - a potion of heal wounds {unknown}


   Skills:
 * Level 0.0 Fighting
 + Level 0.0 Armour
 + Level 3.6 Dodging
 + Level 2.7 Stealth
 * Level 3.8 Spellcasting


You couldn't memorise any spells.
You knew the following spells:

 Your Spells              Type           Power      Damage    Failure   Level
a - Magic Dart            Conj           72%        1d6       4%          1
b - Searing Ray           Conj           36%        2d5       6%          2
c - Dazzling Flash        Conj/Hex       36%        N/A       12%         3
d - Fulminant Prism       Conj/Hex       9%         3d7       38%         4
e - Iskenderun's Mystic   Conj/Tloc      18%        2d6       38%         4
f - Slow                  Hex            72%        N/A       4%          1
g - Call Imp              Summ           18%        N/A       6%          2
Your spell library was empty.

Dungeon Overview and Level Annotations

Branches:
Dungeon (4/15)
 Temple: D:4-7

Altars:


Innate Abilities, Weirdness & Mutations

You are immune to sickness and miasma.
You are immune to poison.
Your flesh is very heat resistant. (rF++)
You are vulnerable to cold. (rC-)
You float through the air rather than walking.
You learn spells naturally, not from books.
Your magical power is your life essence.
You have superior vitality. (+4 MHP)


Message History

You hit the black bear but do no damage.
The black bear is poisoned.
A hound comes into view.
The black bear closely misses you.
The black bear claws you but does no damage. x2
Casting: Dazzling Flash (quite dangerous; 12% risk of failure)
Confirm with . or Enter, or press ? or * to list all spells.
The spell is quite dangerous to miscast (12% risk of failure)!
Continue anyway?
Casting: Dazzling Flash (quite dangerous; 12% risk of failure)
Press: ? - help, Dir - look around, f - activate The black bear is dazzled.
The hound barks!
You hear a shout!
The black bear misses you. The black bear closely misses you.
The black bear barely misses you.
You hit the black bear.
The black bear looks as sick as possible!
The black bear is lightly wounded.
The black bear misses you. The black bear closely misses you.
The black bear claws you but does no damage.
You closely miss the black bear.
The black bear is moderately wounded.
The black bear barely misses you. The black bear closely misses you.
The black bear barely misses you.
You catch the helpless black bear completely off-guard!
You puncture the black bear!
The black bear looks as sick as possible!
The black bear is severely wounded.
The black bear is no longer blind.
The black bear goes berserk!
The black bear bites you! The black bear claws you. x2
You barely miss the black bear.
The black bear is almost dead.
The black bear closely misses you. The black bear barely misses you.
The black bear claws you.
* * * LOW HITPOINT WARNING * * *
You barely miss the black bear.
The black bear is almost dead.
The black bear bites you.
* * * LOW HITPOINT WARNING * * *
The black bear claws you.
You die...

...........
#........)..#
......†...
#...........#
.......
#...........# #..)#
#...........# #.###
#...........## #...#
#.............
###.###
#............#
#hh.###...(........#
##
###@.......#######.#
.# #........# #.# .#
#........# #.# .#
#........# #.# '####
#........# #.# ....#
#........#######
....#
#........#.....#
....#
#....)>..#.....#.
.####
#........'.......


You could see a black bear (berserk, extremely poisoned) and a hound.

Vanquished Creatures
  Ijyb (D:3)
  A gnoll (D:1)
  An adder (D:2)
  A worm (D:3)
  5 ball pythons
  7 endoplasms
  6 giant cockroaches
  4 goblins
  4 hobgoblins
  6 jackals
  3 quokkas
  3 bats (D:2)
  6 frilled lizards
  8 kobolds
  7 rats
63 creatures vanquished.

Notes
Turn   | Place    | Note
-------+----------+-------------------------------------------
     0 | D:1      | javelincjr the Djinni Conjurer began the quest for the Orb.
     0 | D:1      | javelincjr set off with the following spells memorised:
                  | Magic Dart, Searing Ray, Dazzling Flash, Fulminant Prism,
                  | Iskenderun's Mystic Blast.
     0 | D:1      | Reached XP level 1. HP: 15/15 MP: 0/0
   338 | D:1      | Reached XP level 2. HP: 16/21 MP: 0/0
   719 | D:1      | Reached XP level 3. HP: 18/25 MP: 0/0
   719 | D:1      | Learned a level 1 spell: Slow
  1350 | D:1      | Found a faded altar of an unknown god.
  1995 | D:2      | Reached XP level 4. HP: 30/31 MP: 0/0
  2694 | D:2      | You are sucked into a shaft and drop 2 floors!
  3339 | D:3      | Noticed Ijyb
  3347 | D:3      | Killed Ijyb
  3348 | D:3      | Reached XP level 5. HP: 26/35 MP: 0/0
  3348 | D:3      | Learned a level 2 spell: Call Imp
  3561 | D:3      | Noticed a black bear
  3594 | D:3      | Slain by a black bear

Illustrated notes

Levels and vault maps discovered:
D:1:      onia_arrival_handbag, layout_basic, hellmonk_ecumenical_altar_blasted,
          minmay_tetromino_t4
D:2:      layout_basic
D:3:      layout_basic, uniq_jessica, uniq_ijyb
D:4:      layout_loops_corners, lemuel_crystal_altar,
          mainiacjoe_overflow_concentric_impassable,
          nicolae_overflow_hidden_temple

Skill      XL: |  1  2  3 |
---------------+----------+-----
Stealth        | 2 |  2.7
Dodging        | 3 |  3.6
Spellcasting   | |  3.8

Action                   |  1- 3 |  4- 6 || total
-------------------------+-------+-------++-------
Melee: Spear             |     1 |       ||     1
       Dagger            |       |     6 ||     6
 Cast: Magic Dart        |    79 |    56 ||   135
       Searing Ray       |       |     3 ||     3
       Dazzling Flash    |       |     2 ||     2
 Stab: Invisible         |       |     1 ||     1
Armor: Robe              |     2 |     1 ||     3
       Leather armour    |       |     3 ||     3
Dodge: Dodged            |     6 |    15 ||    21
